 Dungeon Crawl Stone Soup version 0.30-a0-377-g5cb311bc9f (webtiles) character file.

Game seed: 5079236482839399022

5035 bande the Cleaver (level 10, -3/63 HPs)
             Began as a Gargoyle Fighter on Nov 30, 2022.
             Was a Believer of Okawaru.
             Slain by Erica
             ... wielding a +3 scimitar of flaming
              (11 damage)
             ... on level 8 of the Dungeon.
             The game lasted 00:13:56 (8962 turns).

bande the Cleaver (Gargoyle Fighter)                Turns: 8962, Time: 00:13:56

Health: -3/63      AC: 24    Str: 20    XL:     10   Next: 55%
Magic:  0/12       EV:  6    Int:  9    God:    Okawaru [**....]
Gold:   479        SH:  0    Dex: 13    Spells: 9/9 levels left

rFire   . . .      SeeInvis .    a - +1 war axe
rCold   + . .      Faith    .    c - +0 buckler
rNeg    + . .      Spirit   +    t - +0 plate armour {rC+}
rPois   ∞          Reflect  .    (no helmet)
rElec   +          Harm     .    q - +1 cloak
rCorr   .          Rampage  .    r - +0 pair of gloves
Will    .....                    (no boots)
Stlth   ..........               g - amulet of guardian spirit
HPRegen 0.30/turn                (no ring)
MPRegen 0.13/turn                (no ring)

@: confused, attractive, studying Staves
A: sickness immunity, AC +7, negative energy resistance 1, electricity
resistance, torment resistance 1, petrification resistance
a: Renounce Religion, Heroism


You were on level 8 of the Dungeon.
You worshipped Okawaru.
Okawaru was pleased with you.
You visited 2 branches of the dungeon, and saw 9 of its levels.

You collected 479 gold pieces.

Inventory:

Hand Weapons
 a - a +1 war axe (weapon)
 x - a +0 longbow
 y - a +1 vorpal flail
Armour
 c - a +0 buckler (worn)
 q - a +1 cloak (worn)
 r - a +0 pair of gloves (worn)
 t - a +0 plate armour of cold resistance (worn)
Jewellery
 g - an amulet of guardian spirit (around neck)
 p - an amulet of regeneration
Wands
 j - a wand of iceblast (6)
 m - a wand of digging (4)
 o - a wand of light (10)
Scrolls
 f - a scroll of blinking
 h - 2 scrolls of enchant weapon
 k - 5 scrolls of enchant armour
 l - 2 scrolls of teleportation
 s - a scroll of fear {unknown}
 v - a scroll of identify
Potions
 b - 2 potions of haste
 d - 5 potions of might
 e - a potion of curing
 i - 3 potions of flight
 n - a potion of brilliance
 z - a potion of magic {unknown}
 A - a potion of invisibility {unknown}


   Skills:
 + Level 7.0 Fighting
 + Level 9.1 Axes
 + Level 7.7 Armour
 + Level 5.8 Shields
 + Level 0.2 Unarmed Combat
 * Level 3.1 Invocations
 * Level 5.4 Evocations


You had 9 spell levels left.
You didn't know any spells.
Your spell library contained the following spells:

 Spells                   Type           Power      Damage    Failure   Level
 Apportation              Tloc           0%         N/A       100%        1
 Beastly Appendage        Tmut           0%         N/A       100%        1
 Necrotise                Necr           0%         1d4       100%        1
 Blink                    Tloc           0%         N/A       100%        2
 Ensorcelled Hibernation  Hex/Ice        0%         N/A       100%        2
 Passwall                 Tmut/Erth      0%         N/A       100%        2
 Wereblood                Tmut           0%         N/A       100%        2
 Dazzling Flash           Conj/Hex       0%         N/A       100%        3
 Kindle Blastsparks       Fire/Tloc/Air  0%         2d10      100%        3
 Spider Form              Tmut/Pois      0%         N/A       100%        3
 Swiftness                Air            0%         N/A       100%        3
 Anguish                  Hex/Necr       0%         N/A       100%        4
 Fulminant Prism          Conj/Hex       0%         3d5       100%        4
 Iskenderun's Mystic Bla  Conj/Tloc      0%         2d3       100%        4
 Manifold Assault         Tloc           0%         N/A       100%        4
 Agony                    Necr           0%         N/A       100%        5
 Lee's Rapid Deconstruct  Erth           0%         3d4*      100%        5
 Silence                  Hex/Air        0%         N/A       100%        5
 Storm Form               Tmut/Air       0%         N/A       100%        7
 Summon Small Mammal      Summ           Unusable   N/A       N/A         1

Dungeon Overview and Level Annotations

Branches:
Dungeon (8/15)             Temple (1/1) D:7
   Lair: D:8-11

Altars:
Ashenzari
Cheibriados
Dithmenos
Elyvilon
Fedhas
Gozag
Hepliaklqana
Kikubaaqudgha
Makhleb
Nemelex Xobeh
Okawaru
Qazlal
Ru
Sif Muna
Trog
Uskayaw
Vehumet
Wu Jian
Xom
Yredelemnul
The Shining One

Shops:
D:2 *   D:8 [

Annotations:
D:8 Erica


Innate Abilities, Weirdness & Mutations

You are immune to sickness and miasma.
Your stone body is resilient. (AC +7)
You are immune to poison.
You resist negative energy. (rN+)
You are resistant to electric shocks. (rElec)
You are resistant to unholy torment.
You are immune to petrification.


Message History

Erica laughs wildly.
You're too confused to move!
Erica says, "I'm so much better than you."
Erica gestures at you while chanting. You resist with significant effort.
You're too confused to move!
Erica points at you and mumbles some strange words.
The lance of force hits you!!
You are knocked back by the lance of force.
Erica zaps a wand.
Your will is overpowered!
You are more confused.
Erica casts a spell at you. The lance of force hits you!!
* * * LOW HITPOINT WARNING * * *
You are knocked back by the lance of force.
Erica gestures wildly while chanting.
Erica flickers and vanishes!
Deactivating autopickup; reactivate with Ctrl-A.
There is a shaft here.
You hear some strange, mumbled words.
A bolt of poison appears from out of thin air!
The bolt of poison hits you but does no damage.
You resist.
You hear a zap.
Something tries to affect you, but you resist.
It was a potion of attraction.
You feel attractive to monsters.
You hear some strange, mumbled words.
A lance of force appears from out of thin air!
The lance of force hits you!
* * * LOW HITPOINT WARNING * * *
You are knocked back by the lance of force.
You slam into the rock wall!
Something is attracted toward you.
You are too confused!
Something hits you but does no damage.
You hear some strange, mumbled words.
A lance of force appears from out of thin air!
The lance of force hits you but does no damage.
You're too confused to move!
Something hits you!
You die...

### ###.# #....
#.#.# #.#.#
##.#@#######.#
#.^..{.......#
##.#.#########
#.#.#######
######..........
..............>###
####
#.####.####.#...#
###..# #....#
#.#.#.#
#....########.#..#
#.#.#.#


There were no monsters in sight!

Vanquished Creatures
  A manticore (D:7)
  An ugly thing (D:8)
  A gargoyle (D:7)
  Psyche (D:8)
  A komodo dragon (D:7)
  Grinder (D:5)
  Sigmund (D:2)
  The ghost of VibeKiller the Sneak, an amateur SpEn of Okawaru (D:4)
  A wyvern (D:4)
  A vampire mosquito (D:7)
  A water moccasin (D:7)
  2 black bears
  2 orc warriors (D:7)
  3 sky beasts
  An ice beast (D:6)
  2 ogres
  2 phantoms
  A kobold brigand (D:7)
  3 necrophages
  2 scorpions (D:5)
  2 bullfrogs (D:8)
  3 wights (D:7)
  A howler monkey (D:6)
  3 hounds
  Crazy Yiuf (D:2)
  3 orc priests
  3 jellies
  6 orc wizards
  7 iguanas
  7 gnolls
  6 adders
  3 white imps
  An ufetubus (D:6)
  A worm (D:3)
  A dart slug (D:2)
  13 orcs
  9 bats
  4 endoplasms
  5 giant cockroaches
  6 goblins
  6 hobgoblins
  10 jackals
  11 kobolds
  8 quokkas
  6 ball pythons
  6 frilled lizards
  6 rats
  A spectral kobold (D:1)
168 creatures vanquished.

Vanquished Creatures (others)
  10 plants
  2 withered plants (D:4)
12 creatures vanquished.

Grand Total: 180 creatures vanquished

Notes
Turn   | Place    | Note
-------+----------+-------------------------------------------
     0 | D:1      | bande the Gargoyle Fighter began the quest for the Orb.
     0 | D:1      | Reached XP level 1. HP: 14/14 MP: 1/1
   115 | D:1      | Reached XP level 2. HP: 17/19 MP: 2/2
   279 | D:1      | Reached skill level 2 in Axes
   610 | D:1      | Reached XP level 3. HP: 23/23 MP: 3/3
   715 | D:1      | Found a faded altar of an unknown god.
  1274 | D:2      | Reached XP level 4. HP: 19/29 MP: 2/4
  1317 | D:2      | Noticed Sigmund
  1332 | D:2      | Killed Sigmund
  1333 | D:2      | Reached skill level 3 in Axes
  1333 | D:2      | Reached XP level 5. HP: 16/33 MP: 2/5
  1537 | D:2      | Found Gaihyot's Assorted Antiques.
  1565 | D:2      | Reached XP level 6. HP: 38/38 MP: 6/6
  1906 | D:2      | Found a runed translucent door.
  1907 | D:2      | Noticed Crazy Yiuf
  2233 | D:2      | Paralysed by Crazy Yiuf for 2 turns
  2235 | D:2      | Killed Crazy Yiuf
  2236 | D:2      | Reached skill level 4 in Axes
  3360 | D:4      | Noticed a wyvern
  3367 | D:4      | Killed a wyvern
  3368 | D:4      | Reached skill level 5 in Armour
  3368 | D:4      | Reached skill level 1 in Evocations
  3368 | D:4      | Reached XP level 7. HP: 20/44 MP: 2/7
  3640 | D:4      | Reached skill level 5 in Axes
  3826 | D:4      | Found a runed translucent door.
  3826 | D:4      | Noticed VibeKiller's ghost (amateur SpEn)
  4110 | D:4      | Killed VibeKiller's ghost
  4168 | D:5      | Entered Level 5 of the Dungeon
  4176 | D:5      | Reached XP level 8. HP: 48/48 MP: 8/8
  4413 | D:5      | Reached skill level 6 in Axes
  4418 | D:5      | Noticed Grinder
  4431 | D:5      | Paralysed by Grinder for 2 turns
  4436 | D:5      | Paralysed by Grinder for 4 turns
  4440 | D:5      | Killed Grinder
  4441 | D:5      | Reached skill level 5 in Fighting
  4538 | D:5      | Found a stormy altar of Qazlal.
  4539 | D:5      | Found a hide-covered altar of Uskayaw.
  4930 | D:5      | Reached skill level 5 in Shields
  5192 | D:6      | Reached skill level 7 in Axes
  5192 | D:6      | Reached XP level 9. HP: 43/54 MP: 6/9
  6341 | D:7      | Found a staircase to the Ecumenical Temple.
  6372 | D:7      | Noticed a komodo dragon
  6397 | D:7      | Killed a komodo dragon
  6398 | D:7      | Reached skill level 8 in Axes
  6399 | D:7      | HP: 2/55 [iguana (1)]
  6442 | Temple   | Entered the Ecumenical Temple
  6859 | Temple   | Became a worshipper of Warmaster Okawaru
  7093 | D:7      | Reached skill level 1 in Invocations
  7284 | D:8      | Noticed Psyche
  7327 | D:8      | Found Dexez's Antique Armour Emporium.
  7451 | D:8      | Killed Psyche
  7451 | D:8      | Reached * piety under Okawaru
  7452 | D:8      | Reached XP level 10. HP: 56/61 MP: 9/11
  7454 | D:8      | Reached skill level 5 in Evocations
  7506 | D:8      | Noticed a manticore
  7698 | D:8      | Noticed a brown ugly thing
  7712 | D:7      | Killed a manticore
  8205 | D:8      | Killed a brown ugly thing
  8324 | D:8      | Reached ** piety under Okawaru
  8353 | D:8      | Noticed a gargoyle
  8592 | D:7      | Killed a gargoyle
  8593 | D:7      | Reached skill level 9 in Axes
  8946 | D:8      | Noticed Erica
  8962 | D:8      | Slain by Erica

Illustrated notes

Levels and vault maps discovered:
D:1:      lemuel_arrival_room, layout_loops_ring,
          dreamdust_ecumenical_altar_drowned_temple, serial_forest,
          infiniplex_forest_lined_ring, infiniplex_forest_straight_3,
          infiniplex_forest_clump_long, infiniplex_forest_clump_small,
          infiniplex_forest_clump_curved, infiniplex_forest_corner_1,
          infiniplex_forest_end_1, minmay_3d_cube
D:2:      layout_basic, serial_shops, shop, minmay_heptomino_o4, uniq_sigmund,
          uniq_crazy_yiuf_cottage
D:3:      layout_rooms
D:4:      layout_cave_pods, gammafunk_ghost_grave, nrook_campfire,
          minmay_manual_maat
D:5:      layout_basic, mainiacjoe_overflow_catch_the_wave,
          portal_sewer_entry_f, kennysheep_potato, uniq_grinder
D:6:      layout_loops_cross
D:7:      layout_loops_ring, lemuel_temple_firewalk_b, minmay_lizard_king
D:8:      layout_basic, serial_aquarium, aquarium_bridge_square
          [aquarium_subvault_bridge, aquarium_subvault_bridge,
          aquarium_subvault_wall, aquarium_subvault_window],
          aquarium_window_fake, aquarium_window_fake, aquarium_window_fake,
          aquarium_view_2f, aquarium_balcony_5b, serial_shops,
          nicolae_shop_stone, kb_rosetta, uniq_psyche, uniq_erica
Temple:   mainiacjoe_temple_cubbyholes

Skill      XL: |  1  2  3  4  5  6  7  8  9 10 |
---------------+-------------------------------+-----
Axes           | 2 3 4 5 7 8 9 |  9.1
Fighting       | 4 5 6 7 |  7.0
Armour         | 4 5 6 7 |  7.7
Shields        | 4 5 |  5.8
Evocations     | 1 2 3 4 5 |  5.4
Invocations    | 1 3 |  3.1
Unarmed Combat | |  0.2

Action                   |  1- 3 |  4- 6 |  7- 9 | 10-12 || total
-------------------------+-------+-------+-------+-------++-------
Melee: War axe           |   102 |   134 |   410 |   100 ||   746
       Unarmed           |       |       |     5 |       ||     5
  Use: Potion            |       |     1 |       |     3 ||     4
       Scroll            |       |    10 |     7 |       ||    17
Armor: Scale mail        |    71 |    70 |       |       ||   141
       Chain mail        |       |    22 |   154 |       ||   176
       Plate armour      |       |       |   120 |   115 ||   235
       Skin              |       |       |     2 |       ||     2
Dodge: Dodged            |    72 |    72 |   106 |    36 ||   286
Block: Buckler           |    30 |    35 |    92 |    30 ||   187

Table legend: (Time is in decaauts)
 A = Elapsed time spent in this place.
 B = Non-inter-level travel time spent in this place.
 C = Inter-level travel time spent in this place.
 D = Time resting spent in this place.
 E = Time spent auto-exploring this place.
 F = Levels seen in this place.
 G = Mean time per level.
                   A        B        C        D        E       F      G
               +--------+--------+--------+--------+--------+-----+--------+
         Total |   9113 |   8927 |    186 |   1910 |   5189 |   9 | 1012.6 |
       Dungeon |   8652 |   8504 |    148 |   1910 |   4788 |   8 | 1081.5 |
        Temple |    460 |    422 |     38 |      0 |    401 |   1 |  460.0 |
               +--------+--------+--------+--------+--------+-----+--------+

Top non-repeatable levels by time:
     D:7: 2035 daAuts
     D:1: 1231 daAuts
     D:2: 1220 daAuts
     D:4: 1049 daAuts
     D:5: 950 daAuts
     D:6: 784 daAuts
     D:3: 776 daAuts
     D:8: 603 daAuts
  Temple: 460 daAuts
